 Dungeon Crawl Stone Soup version 0.23.1 (webtiles) character file.

Game seed: 1137196414181981181

120 Irenicus the Digger (level 4, -6/36 HPs)
             Began as a Deep Dwarf Earth Elementalist on Mar 14, 2019.
             Mangled by a gnoll
             ... wielding a +0 spear
              (7 damage)
             ... on level 3 of the Dungeon.
             The game lasted 00:08:18 (1108 turns).

Irenicus the Digger (Deep Dwarf Earth Elementalist) Turns: 1108, Time: 00:08:19

Health: -6/36      AC:  3    Str: 16 (17) XL:     4   Next: 75%
Magic:  1/7        EV: 15    Int: 15 (16) God:
Gold:   133        SH:  0    Dex: 13      Spells: 6/9 levels left

rFire    . . .     SeeInvis .   f - +0 club
rCold    + . .     Gourm    .   (no shield)
rNeg     . . .     Faith    .   e - +0 leather armour
rPois    .         Spirit   .   (no helmet)
rElec    .         Reflect  .   (no cloak)
rCorr    .         Harm     .   (no gloves)
MR       .....                  (no boots)
Stlth    ++........             j - amulet of the acrobat
HPRegen  0.00/turn              a - ring of protection from cold {rC+, !d}
MPRegen  0.10/turn              l - +3 ring of evasion

@: mighty, non-regenerating
A: damage resistance, heal wounds, sense surroundings 1, no regeneration
a: Heal Wounds


You were on level 3 of the Dungeon.
You were hungry.

You visited 1 branch of the dungeon, and saw 3 of its levels.

You collected 133 gold pieces.

Inventory:

Hand Weapons
 f - a +0 club (weapon)
   (You took it off a goblin on level 1 of the Dungeon)
Armour
 b - a +0 cloak
   (You found it on level 2 of the Dungeon)
 c - a +0 robe
 e - a +0 leather armour (worn)
   (You found it on level 1 of the Dungeon)
Jewellery
 a - a ring of protection from cold (left hand) {rC+, !d}
   (You found it on level 1 of the Dungeon)
 j - an amulet of the acrobat (around neck)
   (You found it on level 1 of the Dungeon)
 l - a +3 ring of evasion (right hand)
   (You found it on level 2 of the Dungeon)
Scrolls
 h - 2 scrolls of identify
 i - a scroll of fog {unknown}
 k - 2 scrolls of fear {unknown}
 m - 3 scrolls of enchant weapon {unknown}
 o - 2 scrolls of remove curse {unknown}
 r - a scroll of enchant armour {unknown}
 t - a scroll of magic mapping {unknown}
Potions
 n - 2 potions of flight
Comestibles
 d - 5 rations
 u - a chunk of flesh {@w0}


   Skills:
 - Level 2.1 Dodging
 - Level 2.4 Stealth
 + Level 3.1 Spellcasting
 - Level 0.8 Transmutations
 - Level 6.0 Earth Magic


You had 6 spell levels left.
You knew the following spells:

 Your Spells              Type           Power        Failure   Level  Hunger
a - Sandblast             Erth           ###...       1%          1    #......
w - Passwall              Tmut/Erth      ##......     9%          2    ##.....

Your spell library contained the following spells:

 Spells                   Type           Power        Failure   Level  Hunger
 Stone Arrow              Conj/Erth      ##....       22%         3    ###....
 Petrify                  Tmut/Erth      ##......     50%         4    #####..
 Lee's Rapid Deconstruct  Erth           ###.......   50%         5    ######.


Dungeon Overview and Level Annotations

Branches:
Dungeon (3/15)

Altars:
Dithmenos
Qazlal


Innate Abilities, Weirdness & Mutations

You are resistant to damage.
You can heal yourself by infusing magical energy.
You passively map a small area around you.
You do not regenerate.


Message History

The magic dart hits you!
You take 8 damage, and have 23/36 hp.
MASSIVE DAMAGE!!
You hit something.
Reactivating autopickup.
You feel your strength returning.
You feel a bit more experienced.
You hit the orc. The orc closely misses you. The orc misses you.
You sock the orc!
You kill the orc!
You barely miss the orc. The orc closely misses you.
You hit the orc. The orc closely misses you.
You sock the orc!
You kill the orc!
A gnoll comes into view. It is wielding a +0 halberd.
The gnoll shouts!
You hear a shout!
The gnoll hits you from afar with a +0 halberd!
There is an open door here.
Items here: ))) [[ a +0 short sword; a +0 ring mail; a +0 club; a +0 dagger; a cursed +0 robe You take 4 damage, and have 19/36 hp. 2 gnolls come into view.
A gnoll comes into view.
The gnoll misses you.
The gnoll moves out of view.
You hit the gnoll.
An orc comes into view. It is wielding a +0 short sword.
The gnoll misses you. The gnoll hits you with a +0 halberd!
* * * LOW HITPOINT WARNING * * *
You take 15 damage, and have 4/36 hp.
MASSIVE DAMAGE!!
The gnoll hits you but does no damage.
There is an open door here.
Items here: ))) [[ a +0 short sword; a +0 ring mail; a +0 club; a +0 dagger; a cursed +0 robe
Okay, then.
You feel much better. The gnoll hits you with a +0 spear.
You regained 20 hp, and now have 24/36 hp.
The gnoll closely misses you.
The gnoll hits you from afar with a +0 halberd!
* * * LOW HITPOINT WARNING * * *
You take 14 damage, and have 10/36 hp.
MASSIVE DAMAGE!!
You see here a tomahawk.
You can't see any susceptible monsters within range! (Use Z to cast anyway.) Unknown command.
Aim: a gnoll, wielding a +0 halberd (lightly wounded)
The blast of sand hits the gnoll!
You kill the gnoll!
Your Spellcasting skill increases to level 3!
p - 2 stones You are starting to lose your buoyancy.
Aim: an orc, wielding a +0 short sword and wearing a +0 leather armour The blast of sand misses the orc.
p - a stone You now have 1/8 mp.
Aim: an orc, wielding a +0 short sword and wearing a +0 leather armour The blast of sand hits the orc!
You kill the orc!
You now have no stones remaining.
You now have 0/8 mp.
Okay, then.
You hit the gnoll. The gnoll hits you.
* * * LOW HITPOINT WARNING * * *
The gnoll misses you. The gnoll hits you.
* * * LOW HITPOINT WARNING * * *
The gnoll closely misses you.
You take 6 damage, and have 4/36 hp.
Your magical essence is drained by the effort!
You feel much better. The gnoll barely misses you.
The gnoll closely misses you.
You regained 23 hp, and now have 27/36 hp.
You barely miss the gnoll. The gnoll completely misses you.
The gnoll barely misses you.
You barely miss the gnoll. The gnoll hits you.
The gnoll hits you from afar with a +0 spear.
You take 6 damage, and have 21/36 hp.
You hit the gnoll.
You float gracefully downwards.
The gnoll closely misses you.
The gnoll hits you from afar with a +0 spear.
You take 5 damage, and have 16/36 hp.
You closely miss the gnoll. The gnoll hits you.
The gnoll hits you from afar with a +0 spear.
The gnoll closely misses you. The gnoll hits you.
You take 5 damage, and have 11/36 hp.
You barely miss the gnoll. The gnoll hits you.
The gnoll hits you from afar with a +0 spear!
* * * LOW HITPOINT WARNING * * *
You take 6 damage, and have 5/36 hp.
You barely miss the gnoll. The gnoll hits you.
* * * LOW HITPOINT WARNING * * *
The gnoll barely misses you.
You take 4 damage, and have 1/36 hp.
Aim: a gnoll (almost dead)
You don't have any stones to cast with.
You sock the gnoll!
You kill the gnoll!
You feel your dexterity returning. The gnoll completely misses you. x2
The gnoll misses you.
Things that are here:
a +0 short sword; a +0 leather armour; a tomahawk You hit the gnoll but do no damage.
The gnoll barely misses you.
You sock the gnoll! The gnoll hits you with a +0 spear!
You die...

,#.....# .. * , #.....#
..%, #.....##... , *, ,,
,#........ * *#.....# ,
#..)..# ####g#..g... , *
#g# ##### *** #@#, * *
#.#,### * * #.#.#.. , ,
#(#.#.############
#.#.#.#..........(
#######.#.#r#.##########
#†......#.#.#.#
#.#######.#.#.#
#.##.).##.#.#.#


You could see 2 gnolls.

Vanquished Creatures
  An orc wizard (D:3)
  2 adders
  2 gnolls (D:3)
  A dart slug (D:1)
  2 leopard geckos (D:2)
  5 orcs (D:3)
  2 giant cockroaches (D:2)
  4 goblins
  7 hobgoblins
  2 jackals (D:1)
  5 kobolds
  4 bats
  5 frilled lizards
  11 rats
53 creatures vanquished.

Notes
Turn   | Place    | Note
-------+----------+-------------------------------------------
     0 | D:1      | Irenicus the Deep Dwarf Earth Elementalist began the quest
                  | for the Orb.
     0 | D:1      | Reached XP level 1. HP: 15/15 MP: 3/3
   104 | D:1      | Reached XP level 2. HP: 14/22 MP: 1/4
   111 | D:1      | Reached skill level 5 in Earth Magic
   161 | D:1      | Learned a level 2 spell: Passwall
   364 | D:1      | Reached XP level 3. HP: 12/28 MP: 1/5
   495 | D:2      | Reached skill level 6 in Earth Magic
   570 | D:2      | Found a shadowy altar of Dithmenos.
   658 | D:2      | Found a stormy altar of Qazlal.
   803 | D:1      | Reached skill level 2 in Spellcasting
  1042 | D:3      | Reached XP level 4. HP: 11/36 MP: 2/7
  1059 | D:3      | HP: 7/36 [something/puff of flame (4)]
  1065 | D:3      | HP: 5/36 [something (2)]
  1074 | D:3      | HP: 3/36 [something/puff of flame (8)]
  1085 | D:3      | HP: 4/36 [gnoll/+0 halberd (15)]
  1093 | D:3      | Reached skill level 3 in Spellcasting
  1097 | D:3      | HP: 5/36 [gnoll (5)]
  1103 | D:3      | HP: 5/36 [gnoll/+0 spear (6)]
  1104 | D:3      | HP: 1/36 [gnoll (4)]
  1108 | D:3      | Mangled by a gnoll

Skill      XL: |  1  2  3  4 |
---------------+-------------+-----
Earth Magic    | 5 6 |  6.0
Spellcasting   | 2 3 |  3.1
Dodging        | |  2.1
Stealth        | |  2.4
Transmutations | |  0.8

Action                   |  1- 3 |  4- 6 || total
-------------------------+-------+-------++-------
Melee: Unarmed           |    11 |       ||    11
       Club              |    26 |    23 ||    49
 Cast: Sandblast         |    46 |     8 ||    54
       Passwall          |    14 |       ||    14
 Abil: Heal Wounds       |       |     3 ||     3
  Use: Scroll            |     1 |       ||     1
       Potion            |       |     4 ||     4
 Stab: Sleeping          |     8 |       ||     8
  Eat: Chunk             |     2 |       ||     2
Armor: Robe              |     7 |       ||     7
       Leather armour    |       |     2 ||     2
Dodge: Dodged            |    51 |    24 ||    75

Levels and vault maps discovered:
D:1:      dpeg_arrival_ratfight, layout_basic, hangedman_decor_peaks_small,
          minmay_tetromino_s4
D:2:      layout_basic, nicolae_overflow_crystal_walls, marbit_many_paths,
          wad_floor_pattern_1
D:3:      layout_basic, uniq_ijyb, uniq_grinder

Table legend:
 A = Turns spent in this place as a percentage of turns spent in the entire game.
 B = Non-inter-level travel turns spent in this place as a percentage of non-inter-level travel turns spent in the entire game.
 C = Inter-level travel turns spent in this place as a percentage of turns spent in this place.
 D = Turns resting spent in this place as a percentage of non-inter-level travel turns spent in this place.
 E = Turns spent auto-exploring this place as a percentage of non-inter-level travel turns spent in this place.
 F = Non-inter-level travel turns spent in this place divided by the number of levels of this place that you've seen.
                   A       B       C       D       E      F
               +-------+-------+-------+-------+-------+----------------------
         Total | 100.0 | 100.0 |   0.0 |   0.0 |   0.0 | 369.3
       Dungeon | 100.0 | 100.0 |   0.0 |   0.0 |   0.0 | 369.3
               +-------+-------+-------+-------+-------+----------------------

Table legend:
 A = Kills in this place as a percentage of kills in entire the game.
 B = Kills by you in this place as a percentage of kills by you in the entire game.
 C = Kills by friends in this place as a percentage of kills by friends in the entire game.
 D = Other kills in this place as a percentage of other kills in the entire game.
 E = Experience gained in this place as a percentage of experience gained in the entire game.
 F = Experience gained in this place divided by the number of levels of this place that you have seen.
                   A       B       C       D       E      F
               +-------+-------+-------+-------+-------+----------------------
         Total | 100.0 | 100.0 |   N/A |   N/A | 100.0 |  57.3
       Dungeon | 100.0 | 100.0 |   N/A |   N/A | 100.0 |  57.3
               +-------+-------+-------+-------+-------+----------------------
